 Dungeon Crawl Stone Soup version 0.29-a0-362-g5854e031c7 (webtiles) character file.

Game seed: 12179835928554769904

27 casanoah the Grasshopper (level 3, 0/28 HPs)
             Began as a Barachi Warper on Apr 29, 2022.
             Was a Follower of Wu Jian.
             Slain by a ball python (2 damage)
             ... on level 1 of the Dungeon.
             The game lasted 00:02:41 (957 turns).

casanoah the Grasshopper (Barachi Warper)            Turns: 957, Time: 00:02:42

Health: 0/28       AC:  3    Str: 12    XL:     3   Next: 10%
Magic:  4/6        EV: 12    Int: 13    God:    Wu Jian [*.....]
Gold:   62         SH:  0    Dex: 13    Spells: 4/6 levels left

rFire   . . .      SeeInvis .   a - +0 spear
rCold   . . .      Faith    .   (no shield)
rNeg    . . .      Spirit   .   b - +0 leather armour
rPois   .          Reflect  .   (no helmet)
rElec   .          Harm     .   (no cloak)
rCorr   .          Rampage  .   (no gloves)
Will    .....                   (no boots)
Stlth   +.........              (no amulet)
HPRegen 0.09/turn               (no ring)
MPRegen 0.10/turn               (no ring)

@: on blink cooldown, slow
A: amphibious, slowness 1, strong legs 1, +LOS
a: Hop, Renounce Religion


You were on level 1 of the Dungeon.
You worshipped Wu Jian.
Wu Jian was aware of your devotion.
You visited 1 branch of the dungeon, and saw 1 of its levels.

You collected 62 gold pieces.

Inventory:

Hand Weapons
 a - a +0 spear (weapon)
Missiles
 d - 7 boomerangs of dispersal (quivered)
Armour
 b - a +0 leather armour (worn)
Scrolls
 c - a scroll of blinking
 e - a scroll of fog {unknown}
 g - a scroll of enchant armour {unknown}
 h - a scroll of torment {unknown}
Potions
 f - a potion of attraction {unknown}


   Skills:
 + Level 2.7 Fighting
 + Level 2.7 Polearms
 + Level 1.0 Throwing
 + Level 1.7 Armour
 + Level 2.1 Dodging
 + Level 2.2 Spellcasting
 + Level 3.6 Translocations


You had 4 spell levels left.
You knew the following spells:

 Your Spells              Type           Power      Damage    Failure   Level
a - Blink                 Tloc           20%        N/A       11%         2

Your spell library contained the following spells:

 Spells                   Type           Power      Damage    Failure   Level
 Gell's Gravitas          Tloc           10%        N/A       22%         3
 Lesser Beckoning         Tloc           10%        N/A       22%         3
 Teleport Other           Tloc           10%        N/A       22%         3
 Manifold Assault         Tloc           10%        N/A       89%         5


Dungeon Overview and Level Annotations

Branches:
Dungeon (1/15)

Altars:
Wu Jian


Innate Abilities, Weirdness & Mutations

You are amphibious.
You cover ground slowly.
You can hop short distances.
You have an extended range of vision and can be seen from far away.


Message History

The quokka bites you.
* * * LOW HITPOINT WARNING * * *
The quokka attacks as you move away! The quokka closely misses you.
You spin and attack the jackal.
You hit the jackal but do no damage.
The jackal is heavily wounded.
The jackal barely misses you.
The jackal bites you but does no damage.
The jackal barely misses you. The jackal attacks as you move away!
The jackal closely misses you.
Found a fuming orange potion.
A hobgoblin comes into view.
Found 16 gold pieces.
The hobgoblin shouts!
A ball python comes into view.
The jackal barely misses you.
Casting: Blink (safe; 11% risk of failure)
Confirm with . or Enter, or press ? or * to list all spells.
You blink.
The ball python hisses angrily.
Unknown command.
You lunge at the ball python.
You barely miss the ball python.
You spin and attack the hobgoblin.
You barely miss the hobgoblin. The hobgoblin hits you.
* * * LOW HITPOINT WARNING * * *
The ball python misses you. The ball python grabs you.
The ball python constricts you.
You escape the ball python's grasp.
You spin and attack the ball python.
You hit the ball python but do no damage.
You spin and attack the hobgoblin.
You hit the hobgoblin.
The hobgoblin is moderately wounded.
The hobgoblin hits you.
* * * LOW HITPOINT WARNING * * *
The jackal stops to sniff the ground.
The ball python completely misses you. The ball python grabs you.
The ball python constricts you. The hobgoblin hits you.
* * * LOW HITPOINT WARNING * * *
You escape the ball python's grasp.
The jackal completely misses you.
The ball python attacks as you move away!
The ball python bites you.
You die...

########## ########
#####........#
###P#P#P#P
#............#
#.........
###....gS....#
#<..PP.... #....h@....#
#....†....
#..r.........###P#P#P#P
##h.............########
#..h$.......#...
#.##........# .. ####
#.#####.#..## ....## #.#
##..#... . ......
#.##......... .## #...
####..!.#.####.##
...###..


You could see a quokka, 3 jackals, a hobgoblin and a ball python.

Vanquished Creatures
  3 endoplasms (D:1)
  A giant cockroach (D:1)
  2 goblins (D:1)
  5 hobgoblins (D:1)
  3 jackals (D:1)
  2 quokkas (D:1)
  2 ball pythons (D:1)
  A kobold (D:1)
  4 rats (D:1)
23 creatures vanquished.

Notes
Turn   | Place    | Note
-------+----------+-------------------------------------------
     0 | D:1      | casanoah the Barachi Warper began the quest for the Orb.
     0 | D:1      | Reached XP level 1. HP: 17/17 MP: 3/3
    46 | D:1      | Reached XP level 2. HP: 11/23 MP: 5/5
   657 | D:1      | Learned a level 2 spell: Blink
   797 | D:1      | Reached XP level 3. HP: 28/28 MP: 6/6
   798 | D:1      | Found a faded altar of an unknown god.
   909 | D:1      | Prayed at the altar of an unknown god.
   909 | D:1      | Became a worshipper of the Wu Jian Council
   909 | D:1      | Reached * piety under Wu Jian
   957 | D:1      | Slain by a ball python

Illustrated notes

Levels and vault maps discovered:
D:1:      minmay_arrival_plants_in_alcoves, layout_rooms,
          shapermc_ecumenical_altar_notcrosses

Action                   || total
-------------------------++-------
Melee: Spear             ||   113
       Punch             ||     1
 Cast: Blink             ||     1
Invok: Whirlwind         ||    18
       Lunge             ||     1
Armor: Leather armour    ||    27
Dodge: Dodged            ||    59

Table legend: (Time is in decaauts)
 A = Elapsed time spent in this place.
 B = Non-inter-level travel time spent in this place.
 C = Inter-level travel time spent in this place.
 D = Time resting spent in this place.
 E = Time spent auto-exploring this place.
 F = Levels seen in this place.
 G = Mean time per level.
                   A        B        C        D        E       F      G
               +--------+--------+--------+--------+--------+-----+--------+
         Total |   1016 |   1016 |      0 |    422 |    329 |   1 | 1016.0 |
       Dungeon |   1016 |   1016 |      0 |    422 |    329 |   1 | 1016.0 |
               +--------+--------+--------+--------+--------+-----+--------+

Top non-repeatable levels by time:
     D:1: 1016 daAuts
